 Dungeon Crawl Stone Soup version 0.27-a0-887-gcab673c (webtiles) character file.

Game seed: 459715776010341710

371 Nithhogg the Slasher (level 6, -9/51 HPs)
             Began as a Barachi Fighter on Apr 3, 2021.
             Mangled by an orc
             ... wielding a +0 scythe
              (11 damage)
             ... on level 4 of the Dungeon.
             The game lasted 00:04:40 (2738 turns).

Nithhogg the Slasher (Barachi Fighter)              Turns: 2738, Time: 00:04:41

Health: -9/51      AC:  7    Str: 19    XL:     6   Next: 71%
Magic:  15/15      EV: 10    Int:  8    God:
Gold:   1197       SH:  0    Dex: 12    Spells: 5/5 levels left

rFire    . . .     SeeInvis .   a - +0 long sword (freeze)
rCold    . . .     Faith    .   (no shield)
rNeg     . . .     Spirit   .   b - +0 scale mail
rPois    .         Reflect  .   (no helmet)
rElec    .         Harm     .   h - scarf {repulsion}
rCorr    +         Rampage  .   (no gloves)
Will     .....                  (no boots)
Stlth    ..........             (no amulet)
HPRegen  0.17/turn              j - ring of magical power
MPRegen  0.14/turn              o - ring of resist corrosion

@: confused, repel missiles, slow
A: +LOS, amphibious, slowness 1, strong legs 1
a: Hop


You were on level 4 of the Dungeon.
You visited 1 branch of the dungeon, and saw 4 of its levels.

You collected 1197 gold pieces.

Inventory:

Hand Weapons
 a - a +0 long sword of freezing (weapon)
Armour
 b - a +0 scale mail (worn)
 c - a +0 kite shield
 f - a +0 cloak
 h - a scarf of repulsion (worn)
Jewellery
 g - a ring of fire
 j - a ring of magical power (left hand)
 o - a ring of resist corrosion (right hand)
Scrolls
 m - a scroll of immolation {unknown}
 n - 2 scrolls of teleportation {unknown}
 p - a scroll of amnesia {unknown}
 q - a scroll of identify
 r - a scroll of noise {unknown}
Potions
 i - a potion of brilliance


   Skills:
 + Level 5.0 Fighting
 * Level 5.5 Long Blades
 + Level 5.1 Armour
 + Level 3.0 Dodging
 - Level 3.2 Shields


You had 5 spell levels left.
You didn't know any spells.
Your spell library was empty.

Dungeon Overview and Level Annotations

Branches:
Dungeon (4/15)
 Temple: D:4-7

Altars:

Annotations:
D:4 Sigmund


Innate Abilities, Weirdness & Mutations

You can be seen from farther away. (+LOS)
You are amphibious.
You cover ground slowly.
You can hop short distances.


Message History

An orc comes into view. It is wielding a +0 scythe.
The hobgoblin closely misses you.
Sigmund casts a spell at himself.
Sigmund flickers and vanishes!
Deactivating autopickup; reactivate with Ctrl-A.
The dart slug bites you but does no damage.
You hit the dart slug but do no damage. The hobgoblin barely misses you.
You slash the dart slug! You freeze the dart slug.
You kill the dart slug!
The hobgoblin barely misses you.
The hobgoblin hits you with a +0 scythe.
You hear some strange, mumbled words.
You are confused.
The orc barely misses you.
You see here a jackal corpse.
You are too confused!
You are too confused!
You are too confused!
You are too confused!
You are too confused!
You are too confused!
You are too confused!
You are too confused!
You are too confused!
You are too confused!
You are too confused!
You are too confused!
You are too confused!
You are too confused!
You are too confused!
You are too confused!
You're too confused to move!
The hobgoblin hits you with a +0 scythe!
Something hits you!
* * * LOW HITPOINT WARNING * * *
The orc closely misses you.
You bump into the rock wall.
The hobgoblin misses you. Something hits you!
* * * LOW HITPOINT WARNING * * *
The orc hits you from afar with a +0 scythe!
You die...

*,,,,,,,,,,* *≈**,∩*≈*≈*,,,#.
**,,,,*,**,**
*≈*,***≈*≈*,,,#.
******,,,,,***≈**,≈≈≈*≈*,,,#.
*,,,*,,**≈*******≈*.....
*,*,**,,**≈≈≈≈≈≈≈**.....
*,,,*****###*####*..$.#.
**,,* #.##....,...,#,
#..######..#.#.##.#***,
#...og@......#.#..* *#
#..##{.###.<##.#w#* *
*,,*##......##.#.### *
*,,**######..#.Z...#*##
*,,,,,,* #..w.....##..
*,,,,,,* #..#........#
*,,,,,,* #...........#
*,,,,,,* ###........###
*,,,,,,* #.............


You could see an orc and a hobgoblin.

Vanquished Creatures
  An ogre (D:4)
  A bullfrog (D:2)
  A centaur skeleton (D:3)
  2 iguanas
  Natasha (D:4)
  A howler monkey zombie (D:2)
  6 adders
  A dart slug (D:4)
  2 orcs
  6 ball pythons
  7 bats
  4 endoplasms
  A giant cockroach (D:1)
  3 goblins
  2 hobgoblins (D:3)
  3 jackals (D:4)
  4 kobolds
  3 quokkas
  A frilled lizard (D:2)
  3 rats
53 creatures vanquished.

Notes
Turn   | Place    | Note
-------+----------+-------------------------------------------
     0 | D:1      | Nithhogg the Barachi Fighter began the quest for the Orb.
     0 | D:1      | Reached XP level 1. HP: 18/18 MP: 1/1
   379 | D:1      | Reached XP level 2. HP: 25/25 MP: 2/2
   688 | D:2      | Reached skill level 1 in Dodging
   752 | D:2      | Reached XP level 3. HP: 25/30 MP: 3/3
   858 | D:2      | Noticed a bullfrog
   870 | D:2      | Killed a bullfrog
   871 | D:2      | Reached XP level 4. HP: 12/37 MP: 4/4
  1373 | D:2      | Reached XP level 5. HP: 39/43 MP: 5/5
  2398 | D:4      | Reached skill level 5 in Long Blades
  2398 | D:4      | Reached XP level 6. HP: 16/49 MP: 6/6
  2610 | D:4      | Identified a scroll of acquirement
  2610 | D:4      | Acquired 1097 gold pieces
  2659 | D:4      | Noticed Natasha
  2676 | D:4      | Reached skill level 5 in Armour
  2678 | D:4      | Killed Natasha
  2679 | D:4      | Reached skill level 5 in Fighting
  2731 | D:4      | Noticed Sigmund
  2738 | D:4      | HP: 2/51 [something (11)]
  2738 | D:4      | Mangled by an orc

Illustrated notes

Levels and vault maps discovered:
D:1:      tarquinn_simple_flora_water_b, layout_basic, minmay_pentomino_z4
D:2:      layout_basic
D:3:      layout_loops_cross
D:4:      layout_rooms, kennysheep_mini, gup_sewer_entry_spiral,
          kennysheep_doodads, sigmund_army, uniq_blork_the_orc, uniq_natasha

Skill      XL: |  1  2  3  4  5  6 |
---------------+-------------------+-----
Long Blades    | 3 4 5 |  5.5
Dodging        | 1 2 3 |  3.0
Fighting       | 4 5 |  5.0
Armour         | 4 5 |  5.1
Shields        | |  3.2

Action                   |  1- 3 |  4- 6 || total
-------------------------+-------+-------++-------
Melee: Long sword        |    37 |   125 ||   162
 Abil: Hop               |       |     1 ||     1
  Use: Scroll            |     1 |     4 ||     5
       Potion            |       |     2 ||     2
Armor: Scale mail        |    13 |    85 ||    98
Dodge: Dodged            |    27 |   101 ||   128
       Repelled          |       |     1 ||     1
       Rpst.: Long sword |     6 |    29 ||    35

Table legend: (Time is in decaauts)
 A = Elapsed time spent in this place.
 B = Non-inter-level travel time spent in this place.
 C = Inter-level travel time spent in this place.
 D = Time resting spent in this place.
 E = Time spent auto-exploring this place.
 F = Levels seen in this place.
 G = Mean time per level.
                   A        B        C        D        E       F      G
               +--------+--------+--------+--------+--------+-----+--------+
         Total |   3081 |   2990 |     91 |      0 |   2516 |   4 |  770.2 |
       Dungeon |   3081 |   2990 |     91 |      0 |   2516 |   4 |  770.2 |
               +--------+--------+--------+--------+--------+-----+--------+

Top non-repeatable levels by time:
     D:2: 959 daAuts
     D:3: 890 daAuts
     D:1: 786 daAuts
     D:4: 445 daAuts
